 Dungeon Crawl Stone Soup version 0.23.2-30-g0e89c35 (webtiles) character file.

Game seed: 3472580205766199645

143 Fortress the Firebug (level 5, 0/38 HPs)
             Began as a Draconian Fire Elementalist on June 14, 2019.
             Slain by an ogre
             ... wielding a +0 giant club
              (14 damage)
             ... on level 4 of the Dungeon.
             The game lasted 00:11:14 (2789 turns).

Fortress the Firebug (Draconian Fire Elementalist)  Turns: 2789, Time: 00:11:15

Health: 0/38       AC:  6    Str: 11    XL:     5   Next: 4%
Magic:  0/3        EV: 12    Int: 16    God:
Gold:   182        SH:  0    Dex: 11    Spells: 9/10 levels left

rFire    . . .     SeeInvis .   u - +0 short sword (antimagic)
rCold    . . .     Gourm    .   (no shield)
rNeg     . . .     Faith    .   (armour unavailable)
rPois    .         Spirit   .   (helmet restricted)
rElec    .         Reflect  .   (no cloak)
rCorr    .         Harm     .   o - +0 pair of gloves
MR       .....                  (no boots)
Stlth    ++++......             (no amulet)
HPRegen  0.12/turn              a - ring of stealth
MPRegen  0.08/turn              m - ring of stealth

@: no status effects
A: unfitting armour, cold-blooded, AC +5
a: no special abilities


You were on level 4 of the Dungeon.
You were hungry.

You visited 1 branch of the dungeon, and saw 4 of its levels.

You collected 182 gold pieces.

Inventory:

Hand Weapons
 n - a +0 hunting sling
 u - a +0 antimagic short sword (weapon)
Missiles
 f - 100 stones (quivered)
Armour
 o - a +0 pair of gloves (worn)
Jewellery
 a - a ring of stealth (left hand)
 j - an uncursed ring of ice
 m - a ring of stealth (right hand)
Scrolls
 d - 3 scrolls of identify
 g - a scroll of random uselessness {unknown}
 h - a scroll of fear {unknown}
 i - a scroll of amnesia {unknown}
 l - 2 scrolls of remove curse
 p - a scroll of enchant weapon {unknown}
 t - a scroll of noise {unknown}
Potions
 c - a potion of resistance
 k - a potion of curing {unknown}
 q - a potion of might {unknown}
 r - a potion of invisibility {unknown}
 s - a potion of degeneration {unknown}
Comestibles
 b - 6 rations


   Skills:
 - Level 2.0 Dodging
 - Level 2.0 Stealth
 + Level 3.1 Spellcasting
 + Level 2.2 Conjurations
 + Level 4.3 Fire Magic


You had 9 spell levels left.
You knew the following spells:

 Your Spells              Type           Power        Failure   Level  Hunger
a - Flame Tongue          Conj/Fire      ##...        4%          1    None

Your spell library contained the following spells:

 Spells                   Type           Power        Failure   Level  Hunger
 Throw Flame              Conj/Fire      ##....       8%          2    ##.....
 Conjure Flame            Conj/Fire      ##......     14%         3    ###....
 Inner Flame              Hex/Fire       #.......     22%         3    ###....
 Sticky Flame             Conj/Fire      ##......     43%         4    ####...
 Fireball                 Conj/Fire      ##........   80%         5    ######.


Dungeon Overview and Level Annotations

Branches:
Dungeon (4/15)
 Temple: D:4-7

Altars:
Fedhas


Innate Abilities, Weirdness & Mutations

Your plain brown scales are hard. (AC +5)
You cannot fit into any form of body armour.
You are cold-blooded and may be slowed by cold attacks.


Message History

Press: ? - help, Shift-Dir - straight line, f/p - ogre
Aim: an ogre, wielding a +0 giant club (heavily wounded)
The flame tongue hits the ogre!
The ogre is almost dead.
The ogre barely misses you.
You hit the ogre but do no damage.
The ogre is almost dead.
The ogre hits you with a +0 giant club.
Casting: Flame Tongue (safe; 4% risk of failure)
Confirm with . or Enter, or press ? or * to list all spells.
Aiming: Flame Tongue (safe; 4% risk of failure)
Press: ? - help, Shift-Dir - straight line, f/p - ogre
Aim: an ogre, wielding a +0 giant club (almost dead)
The flame tongue misses the ogre.
The ogre hits you with a +0 giant club!!
Ouch! That really hurt!
You hit the ogre but do no damage.
The ogre is almost dead.
The ogre hits you with a +0 giant club!
You die...

..+.. ###
#.#.. #@#
.... #O#
## #...
#.#
#..#.#.
........#
#. ....
..#.....#
#.##.##..
#.....#
#...<...<
#......
#######.#
###+#..
.... #..
###..


You could see an ogre.

Vanquished Creatures
  A bullfrog (D:2)
  A hound (D:3)
  2 worms
  A dart slug (D:1)
  2 orcs (D:3)
  A ball python (D:2)
  A giant cockroach (D:3)
  5 goblins
  4 hobgoblins
  4 jackals (D:3)
  5 bats
  2 frilled lizards (D:1)
  2 kobolds
  6 rats
37 creatures vanquished.

Notes
Turn   | Place    | Note
-------+----------+-------------------------------------------
     0 | D:1      | Fortress the Draconian Fire Elementalist began the quest
                  | for the Orb.
     0 | D:1      | Reached XP level 1. HP: 14/14 MP: 3/3
   608 | D:1      | Reached XP level 2. HP: 20/20 MP: 5/5
  1564 | D:2      | Found a faded altar of an unknown god.
  1919 | D:3      | Reached XP level 3. HP: 22/26 MP: 0/6
  2006 | D:3      | Found a blossoming altar of Fedhas.
  2175 | D:3      | Noticed a bullfrog
  2200 | D:2      | Killed a bullfrog
  2200 | D:2      | Reached skill level 4 in Fire Magic
  2200 | D:2      | Reached XP level 4. HP: 22/33 MP: 0/8
  2436 | D:3      | Reached XP level 5. HP: 38/38 MP: 4/9
  2714 | D:3      | Noticed an eye of draining
  2779 | D:4      | Noticed an ogre
  2789 | D:4      | Slain by an ogre

Skill      XL: |  1  2  3 |
---------------+----------+-----
Stealth        | 2 |  2.0
Dodging        | 2 |  2.0
Spellcasting   | 3 |  3.1
Conjurations   | 2 |  2.2
Fire Magic     | 4 |  4.3

Action                   |  1- 3 |  4- 6 || total
-------------------------+-------+-------++-------
Melee: Unarmed           |    17 |       ||    17
       Short sword       |    21 |     3 ||    24
       Tailslap          |     3 |       ||     3
 Cast: Flame Tongue      |    45 |    23 ||    68
  Use: Scroll            |     4 |       ||     4
       Potion            |     1 |       ||     1
 Stab: Sleeping          |     9 |     1 ||    10
  Eat: Chunk             |     1 |     1 ||     2
       Ration            |     1 |       ||     1
Armor: Skin              |    10 |     5 ||    15
Dodge: Dodged            |    36 |     7 ||    43
